 Dungeon Crawl Stone Soup version 0.19.0-2-gae57169 (webtiles) character file.

96985 jacquesderrida the Black Belt (level 16, -8/102 HPs)
             Began as a Vine Stalker Wanderer on Nov 4, 2016.
             Was the Champion of Okawaru.
             Killed from afar by a spriggan druid (19 damage)
             ... with a stone arrow
             ... on level 4 of the Swamp.
             The game lasted 01:32:51 (13606 turns).

jacquesderrida the Black Belt (VSWn)               Turns: 13606, Time: 01:32:51

Health: -8/102     AC: 16    Str: 15    XL:     16   Next: 18%
Magic:  0/29       EV: 17    Int: 17    God:    Okawaru [******]
Gold:   1365       SH:  7    Dex: 25    Spells: 3 memorised, 12 levels left

rFire  . . .     SeeInvis +       - Unarmed
rCold  + . .     Gourm    .     y - +3 ring mail of the Apprentice {Dex+4 SInv}
rNeg   + . .     Faith    .     r - +0 buckler
rPois  .         Spirit   +     e - +0 helmet "Ifest" {Str+2 Int+3}
rElec  .         Reflect  .     Q - +1 cloak {MR+}
rCorr  .         Harm     .     g - +0 pair of gloves
MR     +++..                    i - +2 pair of boots {run}
Stlth  +++.......               P - amulet of Vitality {Regen+ HP+15}
                                L - ring of magical power
                                Y - ring "Wapimoynt" {rN+ Stlth+}

@: lethally poisoned (-8 -> -8), quick
A: fangs 3, cold resistance 1, regeneration 2, magic shield, antimagic bite, no
device heal 3, rot immunity
a: Heroism, Finesse, Renounce Religion


You were on level 4 of the Swamp.
You worshipped Okawaru.
Okawaru was exalted by your worship.
You were not hungry.

You visited 5 branches of the dungeon, and saw 28 of its levels.
You also visited: Ice Cave.

You collected 2135 gold pieces.
You spent 770 gold pieces at shops.

Inventory:

Hand Weapons
 d - a +0 blowgun
 q - the +10 triple sword "With Two Names" {speed, Str+4 Stlth+}
   (Okawaru gifted it to you on level 13 of the Dungeon)

   Attacks with this weapon are significantly faster.
   It affects your strength (+4).
   It makes you more stealthy.
Missiles
 c - 104 poisoned needles
 u - 14 javelins (quivered)
 E - a throwing net
Armour
 b - the +4 ring mail "Qolen" {rC+ Int+7}
   (You found it in an ice cave)

   It affects your intelligence (+7).
   It protects you from cold.
 e - the +0 helmet "Ifest" (worn) {Str+2 Int+3}
   (You found it on level 2 of the Lair of Beasts)

   It affects your strength (+2).
   It affects your intelligence (+3).
 g - a +0 pair of gloves (worn)
 i - a +2 pair of boots of running (worn)
 r - a +0 buckler (worn)
 v - a +1 pair of boots of flying
 y - the +3 ring mail of the Apprentice (worn) {Dex+4 SInv}
   (You bought it in a shop on level 2 of the Orcish Mines)

   It affects your dexterity (+4).
   It lets you see invisible.
 Q - a +1 cloak of magic resistance (worn)
Jewellery
 x - an uncursed ring of wizardry
 L - a ring of magical power (right hand)
 P - the amulet of Vitality (around neck) {Regen+ HP+15}
   (You found it on level 6 of the Lair of Beasts)

   [amulet of regeneration]

   It affects your health (+15).
   It increases your rate of regeneration.
 X - the ring "Zaejuneo" {*Tele rPois Int+3 Dex-5}
   (You found it on level 14 of the Dungeon)

   [ring of teleportation]

   It may teleport you next to monsters.
   It affects your intelligence (+3).
   It affects your dexterity (-5).
   It protects you from poison.
 Y - the ring "Wapimoynt" (left hand) {rN+ Stlth+}
   (You found it in an ice cave)

   [ring of positive energy]

   It protects you from negative energy.
   It makes you more stealthy.
Wands
 z - a wand of paralysis (16/24)
 H - a wand of disintegration (15/24)
Scrolls
 l - 3 scrolls of amnesia
 p - 5 scrolls of identify
 s - 3 scrolls of recharging
 A - a scroll of teleportation
 B - 2 scrolls of holy word
 K - 3 scrolls of remove curse
 T - a scroll of magic mapping
 Z - a scroll of fog
Potions
 j - 4 potions of haste
 k - 3 potions of might
 o - 3 potions of invisibility
 t - 3 potions of agility
 C - 6 potions of curing
 D - 4 potions of brilliance
 G - a potion of cure mutation
 N - 2 potions of ambrosia
 R - a potion of lignification
 V - a potion of cancellation
Books
 m - a book of Battle

   Spells                             Type                      Level
   a - Infusion                       Charms                       1
   b - Shroud of Golubria             Charms/Translocation         2
   c - Song of Slaying                Charms                       2
   d - Spectral Weapon                Hexes/Charms                 3
   e - Regeneration                   Charms/Necromancy            3
 O - a book of Alchemy

   Spells                             Type                      Level
   a - Sublimation of Blood           Necromancy                   2
   b - Ignite Poison                  Fire/Transmutation/Poison    3
   c - Petrify                        Transmutation/Earth          4
   d - Alistair's Intoxication        Transmutation/Poison         5
   e - Irradiate                      Conjuration/Transmutation    5
 W - a book of Changes

   Spells                             Type                      Level
   a - Beastly Appendage              Transmutation                1
   b - Sticks to Snakes               Transmutation                2
   c - Spider Form                    Transmutation/Poison         3
   d - Ice Form                       Ice/Transmutation            4
   e - Blade Hands                    Transmutation                5
Miscellaneous
 f - a phantom mirror
 J - a sack of spiders
Comestibles
 a - 6 bread rations
 h - 8 meat rations
 F - 5 royal jellies
 I - 27 fruits


   Skills:
 - Level 11.1 Fighting
 + Level 13.4 Long Blades
   Level 1.0 Axes
 - Level 1.0 Throwing
 - Level 4.1 Armour
 - Level 7.4 Dodging
 - Level 1.2 Stealth
 - Level 4.8 Shields
 - Level 16.8 Unarmed Combat
 - Level 2.1 Spellcasting
   Level 1.0 Summonings
   Level 2.0 Poison Magic
 - Level 5.0 Invocations


You had 12 spell levels left.
You knew the following spells:

 Your Spells              Type           Power        Failure   Level  Hunger
a - Regeneration          Chrm/Necr      #.........   90%         3    ###....
b - Blink                 Tloc           N/A          56%         2    ###....
m - Repel Missiles        Chrm/Air       #.....       56%         2    ###....


Dungeon Overview and Level Annotations

Branches:
Dungeon (15/15)            Temple (1/1) D:5            Lair (6/6) D:11
  Swamp (4/4) Lair:4        Snake (0/4) Lair:3        Slime (0/5) Lair:6
    Orc (2/2) D:9             Elf (0/3) Orc:2
 Vaults: D:13-14     Depths: D:15

Altars:
Cheibriados
Dithmenos
Elyvilon
Fedhas
Gozag
Hepliaklqana
Kikubaaqudgha
Makhleb
Nemelex Xobeh
Okawaru
Qazlal
Ru
Trog
Uskayaw
Vehumet
Xom
Yredelemnul
Jiyva

Shops:
D:7 (   D:8 !   D:12 :?   Orc:1 (   Orc:2 [*:(

Annotations:
D:8 VAULT STAIRS UP, exclusion: upstairs
D:14 Azrael


Innate Abilities, Weirdness & Mutations

You have razor-sharp teeth.
You heal very quickly.
When hurt, damage is shared between your health and your magic reserves.
Your bite disrupts and absorbs the magic of your enemies.
Potions and wands cannot restore your health.
You are immune to rotting.
Your flesh is cold resistant. (rC+)


Message History

You feel sick.
Wield which item (- for none, * to show all)? (? for menu, Esc to quit)
c - 104 poisoned needles (in hand)
You swing at nothing.
You feel very sick.
You feel roots moving beneath the ground.
You swing at nothing.
You feel sick. A tree reaches out and hits you!
You are hit by a branch!
* * * LOW HITPOINT WARNING * * *
You swing at nothing.
You feel sick. A root lunges up near you.
Unknown command.
Wield which item (- for none, * to show all)? (? for menu, Esc to quit)
You are now empty-handed.
You are hit by a branch!
* * * LOW HITPOINT WARNING * * *
You feel sick.
You are hit by a branch!
* * * LOW HITPOINT WARNING * * *
You feel sick.
You are waved at by a branch.
The spriggan druid points at you and mumbles some strange words.
The stone arrow hits you!
You die...

≈≈≈≈≈≈≈≈...♣ ♣ ≈≈≈≈≈≈≈≈..≈♣♣ ♣
≈≈≈.≈≈≈.....♣ ♣♣♣♣
≈...i≈≈.≈.§.♣♣♣ ♣♣≈≈.
.......≈.≈.≈≈≈♣ ♣♣♣♣♣♣ ♣≈≈≈.
....♣♣♣≈§≈♣...♣♣♣≈...♣♣♣♣♣♣♣♣.≈..
.≈≈. ♣.≈.♣♣♣♣.i..≈≈≈.♣♣.≈≈≈≈.♣♣.≈
♣.≈≈≈♣♣♣≈≈≈.≈≈≈.♣♣.≈≈≈≈.≈♣.≈
♣.≈≈≈≈≈≈≈≈≈@...≈...≈≈.≈..♣.≈
.≈♣♣.≈≈≈≈≈≈≈.♣♣≈♣.≈...≈♣♣♣≈≈≈ ≈≈.
♣♣.≈≈≈≈..♣♣♣♣♣≈≈≈≈..♣♣.≈≈≈ ≈≈
♣.§≈≈♣♣♣♣ ♣.≈≈≈≈.≈♣♣≈≈≈≈ ♣♣≈.♣
♣≈≈≈≈."♣♣♣.≈≈. ≈≈♣ ♣♣...♣♣≈....≈≈
≈♣ ♣≈≈.♣...♣♣♣.≈ .≈§≈♣≈..♣♣ §♣.
≈.♣♣♣♣♣... ♣


You could see a spriggan druid.

Vanquished Creatures
  An Ice Fiend (IceCv)
  A thorn hunter (Lair:4)
  Donald (Orc:2)
  A frost giant (D:14)
  An orc warlord (Orc:2)
  An ettin (D:14)
  A fire dragon (D:13)
  8 hydras
  4 centaur warriors
  A death knight (D:15)
  2 alligators
  4 death yaks (Lair:2)
  A tengu warrior (D:14)
  5 orc high priests (Orc:2)
  Urug (Orc:1)
  An unseen horror (shapeshifter) (D:11)
  2 unseen horrors (D:13)
  A deep elf archer (D:14)
  6 hill giants
  3 orc knights
  2 manticores (D:14)
  10 ugly things
  An orc sorcerer (Orc:2)
  5 cyclopes
  5 elephants (Lair:1)
  2 black mambas (Lair:4)
  A gargoyle (D:14)
  5 freezing wraiths
  2 centaur skeletons
  A rime drake (shapeshifter) (D:14)
  25 spiny frogs
  A yaktaur (D:14)
  2 tengu conjurers (D:14)
  4 swamp worm zombies (Swamp:4)
  4 komodo dragons
  6 ice devils (IceCv)
  A golden dragon simulacrum (IceCv)
  6 anaconda simulacra (IceCv)
  8 trolls
  3 meliai (D:14)
  A queen bee (D:14)
  6 polar bears (Lair:3)
  A harpy skeleton (D:15)
  2 two-headed ogres
  7 bog bodies
  4 tyrant leeches
  3 hornets
  22 slime creatures
  A wolf spider simulacrum (IceCv)
  10 blink frogs
  An alligator zombie (Swamp:4)
  8 hippogriffs
  3 shadows
  11 yaks
  4 spriggans
  A dire elephant simulacrum (IceCv)
  3 wyverns
  2 fire elementals (D:14)
  A death yak simulacrum (IceCv)
  17 vampire mosquitoes
  3 basilisks
  2 harpy simulacra (IceCv)
  8 insubstantial wisps
  10 swamp worms
  6 wargs
  2 iron troll simulacra (IceCv)
  3 hydra simulacra (IceCv)
  11 water moccasins
  3 soldier ants (D:10)
  2 hell hounds (D:14)
  6 porcupines
  6 swamp drakes
  5 ice beasts
  3 sky beasts
  24 orc warriors
  8 black bears (Lair:3)
  An eye of draining (D:11)
  12 ogres
  3 phantoms
  9 centaurs
  2 crocodiles
  2 big kobolds
  10 bullfrogs
  2 gnoll sergeants (D:5)
  A scorpion (D:10)
  2 wyvern skeletons
  2 wights (D:7)
  32 killer bees
  2 crimson imps
  A howler monkey (D:4)
  2 bullfrog zombies
  2 draconian simulacra (IceCv)
  4 centaur zombies
  A hound (D:11)
  2 bullfrog skeletons
  5 orc priests
  11 orc wizards
  3 iguanas
  17 worker ants
  2 polar bear simulacra (IceCv)
  3 spriggan simulacra (IceCv)
  2 troll simulacra (IceCv)
  2 centaur simulacra (IceCv)
  A hound skeleton (D:10)
  10 gnolls
  A howler monkey skeleton (D:5)
  5 adders
  2 naga simulacra (IceCv)
  2 ogre simulacra (IceCv)
  5 shadow imps
  4 white imps (IceCv)
  3 ufetubi (IceCv)
  2 oozes
  An adder zombie (D:5)
  2 dart slugs
  8 leopard geckos
  53 orcs
  5 bats
  4 giant cockroaches
  A goblin (D:3)
  5 hobgoblins
  10 jackals
  23 kobolds
  3 quokkas (D:6)
  2 ball pythons
  5 frilled lizards
  A jackal skeleton (D:8)
  A leopard gecko skeleton (D:4)
  A leopard gecko zombie (D:6)
  3 rats
  4 plants
654 creatures vanquished.

Vanquished Creatures (collateral kills)
  A bullfrog (Lair:5)
  2 orcs (D:11)
3 creatures vanquished.

Vanquished Creatures (others)
  A basilisk (D:14)
  A water moccasin (D:6)
  A wyvern zombie (D:14)
  An ufetubus (IceCv)
  A briar patch (Swamp:1)
  2 bushes (Lair:6)
  8 fungi
  15 plants (Lair:6)
  4 toadstools (Swamp:1)
34 creatures vanquished.

Grand Total: 691 creatures vanquished

Notes
Turn   | Place    | Note
-------+----------+-------------------------------------------
     0 | D:1      | jacquesderrida the Vine Stalker Wanderer began the quest for the Orb.
     0 | D:1      | jacquesderrida set off with: a Young Poisoner's Handbook, the Disquisition on Evil Magic, 12 poisoned needles, a +0 blowgun, a +0 robe, a bread ration
     0 | D:1      | Reached XP level 1. HP: 11/11 MP: 4/4
    77 | D:1      | Reached skill level 1 in Unarmed Combat
    93 | D:1      | Reached XP level 2. HP: 14/15 MP: 6/6
   201 | D:2      | Reached skill level 2 in Unarmed Combat
   201 | D:2      | Reached XP level 3. HP: 15/18 MP: 7/7
   757 | D:4      | Reached skill level 3 in Unarmed Combat
   757 | D:4      | Gained mutation: Your natural rate of healing is unusually fast. [Vine Stalker growth]
   757 | D:4      | Reached XP level 4. HP: 11/23 MP: 6/8
  1102 | D:3      | Reached XP level 5. HP: 27/28 MP: 7/9
  1175 | D:3      | Reached skill level 4 in Unarmed Combat
  1455 | D:5      | Entered Level 5 of the Dungeon
  1536 | D:5      | Reached XP level 6. HP: 24/32 MP: 6/10
  1557 | D:5      | Found a hazy altar of Hepliaklqana.
  1562 | D:5      | Found a staircase to the Ecumenical Temple.
  1638 | D:5      | Noticed a phantom
  1814 | D:5      | Reached skill level 5 in Unarmed Combat
  1900 | D:5      | Found a burning altar of Makhleb.
  1900 | D:5      | Noticed a green death
  1904 | D:5      | Noticed a neqoxec
  1904 | D:5      | Noticed an orange demon
  1924 | D:5      | Killed a phantom
  1924 | D:5      | Reached XP level 7. HP: 16/37 MP: 11/11
  1981 | Temple   | Entered the Ecumenical Temple
  2019 | Temple   | Became a worshipper of Warmaster Okawaru
  2103 | D:5      | Reached skill level 6 in Unarmed Combat
  2335 | D:5      | Found a sacrificial altar of Ru.
  2432 | D:6      | Found a sparkling altar of Nemelex Xobeh.
  2685 | D:6      | Reached skill level 7 in Unarmed Combat
  2685 | D:6      | Gained mutation: You have razor-sharp teeth. [Vine Stalker growth]
  2685 | D:6      | Reached XP level 8. HP: 23/42 MP: 12/12
  2748 | D:6      | Reached * piety under Okawaru
  2748 | D:6      | Reached skill level 5 in Fighting
  3132 | D:7      | Reached skill level 8 in Unarmed Combat
  3144 | D:7      | Found Neosecwu's Weapon Emporium.
  3181 | D:7      | Identified the Disquisition on Evil Magic
  3469 | D:7      | Noticed a rust devil
  3469 | D:7      | Noticed a rust devil
  3686 | D:8      | Reached skill level 9 in Unarmed Combat
  3694 | D:8      | Reached XP level 9. HP: 46/48 MP: 13/13
  3710 | D:8      | Found an iron altar of Okawaru.
  3847 | D:8      | Found Oshroi Hafue's Distillery.
  3854 | D:8      | Bought a potion of agility for 60 gold pieces
  3854 | D:8      | Gained mutation: Your flesh is cold resistant. (rC+) [potion of beneficial mutation]
  3912 | D:8      | Found a hide-covered altar of Uskayaw.
  3957 | D:8      | Learned a level 2 spell: Blink
  3960 | D:8      | Learned a level 2 spell: Repel Missiles
  4042 | D:8      | Reached skill level 14 in Unarmed Combat
  4042 | D:8      | Reached XP level 10. HP: 53/53 MP: 14/14
  4199 | D:9      | Reached ** piety under Okawaru
  4199 | D:9      | Reached skill level 1 in Shields
  4251 | D:9      | Found a snail-covered altar of Cheibriados.
  4374 | D:10     | Entered Level 10 of the Dungeon
  4389 | D:10     | Found an ancient bone altar of Kikubaaqudgha.
  4612 | D:9      | Found a staircase to the Orcish Mines.
  4642 | D:9      | Found a stormy altar of Qazlal.
  5011 | D:11     | Killed an unseen horror
  5011 | D:11     | Reached *** piety under Okawaru
  5148 | D:11     | Found a staircase to the Lair.
  5221 | D:11     | Noticed a purple ugly thing
  5293 | D:11     | Noticed a purple ugly thing
  5483 | D:12     | Noticed a cyclops
  5570 | D:13     | Noticed a cyclops
  5576 | D:12     | Killed a cyclops
  5732 | D:12     | Reached XP level 11. HP: 10/58 MP: 2/15
  5795 | D:13     | Noticed a hill giant
  5807 | D:13     | Noticed a green ugly thing
  5807 | D:13     | Killed a hill giant
  5807 | D:13     | Reached **** piety under Okawaru
  5821 | D:13     | Killed a green ugly thing
  5847 | D:13     | Killed an unseen horror
  5941 | D:12     | Found Ziokhloips's Magic Scroll Shoppe.
  5950 | D:12     | Bought a scroll of teleportation for 48 gold pieces
  5950 | D:12     | Bought a scroll of teleportation for 48 gold pieces
  5950 | D:12     | Bought a scroll of identify for 32 gold pieces
  5950 | D:12     | Bought a scroll of enchant armour for 120 gold pieces
  5966 | D:12     | Found Vusteg's Book Boutique.
  6073 | Lair:1   | Entered Level 1 of the Lair of Beasts
  6074 | Lair:1   | Noticed a five-headed hydra
  6082 | Lair:1   | Killed a five-headed hydra
  6082 | Lair:1   | Reached ***** piety under Okawaru
  6082 | Lair:1   | Reached skill level 15 in Unarmed Combat
  6153 | Lair:1   | Reached skill level 1 in Invocations
  6161 | Lair:1   | Noticed a seven-headed hydra
  6173 | Lair:1   | Killed a seven-headed hydra
  6173 | Lair:1   | Reached skill level 1 in Armour
  6173 | Lair:1   | Reached skill level 1 in Dodging
  6316 | Lair:2   | Got a fine helmet
  6331 | Lair:1   | Identified the cursed +0 helmet "Ifest" {Str+2 Int+3} (You found it on level 2 of the Lair of Beasts)
  6570 | Lair:2   | Noticed a death yak
  6597 | Lair:2   | Noticed a death yak
  6598 | Lair:2   | Noticed a death yak
  6602 | Lair:2   | Noticed a death yak
  6628 | Lair:2   | Killed a death yak
  6628 | Lair:2   | Gained mutation: You heal very quickly. [Vine Stalker growth]
  6628 | Lair:2   | Reached XP level 12. HP: 40/64 MP: 16/16
  6647 | Lair:2   | Killed a death yak
  6647 | Lair:2   | Received a gift from Okawaru
  6653 | Lair:2   | Killed a death yak
  6663 | Lair:2   | Killed a death yak
  6811 | Lair:3   | Found a staircase to the Snake Pit.
  6944 | Lair:3   | Reached skill level 5 in Invocations
  7181 | Lair:4   | Found a staircase to the Swamp.
  7306 | Lair:4   | Noticed a five-headed hydra
  7318 | Lair:4   | Killed a five-headed hydra
  7393 | Lair:5   | Reached skill level 5 in Dodging
  7415 | Lair:5   | Reached ****** piety under Okawaru
  7460 | Lair:5   | Noticed a seven-headed hydra
  7469 | Lair:5   | Killed a seven-headed hydra
  7469 | Lair:5   | Reached XP level 13. HP: 50/70 MP: 12/17
  7498 | Lair:5   | Received a gift from Okawaru
  7636 | Lair:6   | Entered Level 6 of the Lair of Beasts
  7731 | Lair:6   | Reached skill level 16 in Unarmed Combat
  7778 | Lair:6   | Reached skill level 10 in Fighting
  7828 | Lair:6   | Received a gift from Okawaru
  7979 | Lair:6   | Found a staircase to the Slime Pits.
  7979 | Lair:6   | Found a viscous altar of Jiyva.
  8450 | Orc:1    | Entered Level 1 of the Orcish Mines
  8450 | Orc:1    | Found Daeblih's Antique Weapon Shop.
  8545 | Orc:1    | Noticed Urug
  8585 | Orc:1    | Killed Urug
  8765 | Orc:2    | Entered Level 2 of the Orcish Mines
  8936 | Orc:2    | Paralysed by an orc sorcerer for 3 turns
  8948 | Orc:2    | Found Nemodoiwk's Antique Armour Boutique.
  8949 | Orc:2    | Found Ytuitta's General Store.
  8977 | Orc:2    | Received a gift from Okawaru
  8986 | Orc:2    | Bought a crude ring mail for 234 gold pieces
  9033 | Orc:1    | Identified the +3 ring mail of the Apprentice {Dex+4 SInv} (You bought it in a shop on level 2 of the Orcish Mines)
  9078 | Orc:2    | Noticed an orc warlord
  9080 | Orc:2    | Bought a wand of paralysis (17/24) for 228 gold pieces
  9085 | Orc:2    | Killed an orc warlord
  9095 | Orc:2    | Found a staircase to the Elven Halls.
  9104 | Orc:2    | Reached XP level 14. HP: 77/77 MP: 18/18
  9128 | Orc:2    | Found Ugeowkan's Book Emporium.
  9187 | Orc:2    | Noticed Donald
  9195 | Orc:2    | Killed Donald
  9265 | Orc:2    | Found Siteas's Antique Weapon Shop.
  9326 | Orc:2    | Found a shimmering altar of Xom.
  9712 | D:13     | Received a gift from Okawaru
  9737 | D:13     | Got a crude triple sword {god gift}
  9743 | D:13     | Identified the +10 triple sword "With Two Names" {speed, Str+4 Stlth+} (Okawaru gifted it to you on level 13 of the Dungeon)
  9784 | D:13     | Reached skill level 1 in Long Blades
 10064 | D:14     | Noticed Azrael
 10384 | D:14     | Received a gift from Okawaru
 10384 | D:14     | Reached skill level 5 in Long Blades
 10499 | D:15     | Entered Level 15 of the Dungeon
 10736 | D:15     | Found a hazy altar of Hepliaklqana.
 11143 | D:14     | Reached XP level 15. HP: 73/82 MP: 19/19
 11285 | D:14     | Noticed a frost giant
 11300 | D:14     | Killed a frost giant
 11353 | D:14     | Got a brightly glowing steel ring
 11356 | D:14     | Identified the ring "Zaejuneo" {*Tele rPois Int+3 Dex-5} (You found it on level 14 of the Dungeon)
 11474 | D:14     | Reached skill level 10 in Long Blades
 11629 | D:11     | Received a gift from Okawaru
 11632 | D:11     | Got a polished long sword {god gift}
 11634 | D:11     | Identified the +9 long sword of Zarul {flame, +Fly Dex+2} (Okawaru gifted it to you on level 11 of the Dungeon)
 12036 | Swamp:1  | Entered Level 1 of the Swamp
 12056 | Swamp:1  | Noticed a thorn hunter
 12081 | Lair:4   | Killed a thorn hunter
 12341 | Swamp:2  | Found a frozen archway.
 12379 | IceCv    | Entered an ice cave
 12695 | IceCv    | Received a gift from Okawaru
 12712 | IceCv    | Got a shimmering robe {god gift}
 12723 | IceCv    | Identified the +1 robe of the Sea {Int+3} (Okawaru gifted it to you in an ice cave)
 12841 | IceCv    | Noticed an Ice Fiend
 12906 | IceCv    | Killed an Ice Fiend
 12942 | IceCv    | Got a scorched ring mail
 12954 | IceCv    | Identified the +4 ring mail "Qolen" {rC+ Int+7} (You found it in an ice cave)
 12978 | IceCv    | Identified a +2 pair of boots of running (You found it in an ice cave)
 12980 | IceCv    | Got an ancient platinum ring
 12982 | IceCv    | Identified the ring "Wapimoynt" {rN+ Stlth+} (You found it in an ice cave)
 13191 | Swamp:2  | Reached XP level 16. HP: 59/87 MP: 20/20
 13346 | Swamp:3  | Learned a level 3 spell: Regeneration
 13390 | Swamp:4  | Entered Level 4 of the Swamp
 13606 | Swamp:4  | Killed from afar by a spriggan druid

Skill      XL: |  1  2  3  4  5  6  7  8  9 10 11 12 13 14 15 16 |
---------------+-------------------------------------------------+-----
Fighting       | 2 3 4 6 7 8 9 10 11 | 11.1
Unarmed Combat | 1 2 3 4 5 7 9 14 15 16 | 16.8
Shields        | 3 4 |  4.8
Invocations    | 3 5 |  5.0
Armour         | 2 3 4 |  4.1
Dodging        | 2 5 7 |  7.4
Long Blades    | 8 12 13 | 13.4
Axes           | |  1.0
Throwing       | |  1.0
Stealth        | |  1.2
Spellcasting   | |  2.1
Summonings     | |  1.0
Poison Magic   | |  2.0

Action                   |  1- 3 |  4- 6 |  7- 9 | 10-12 | 13-15 | 16-18 || total
-------------------------+-------+-------+-------+-------+-------+-------++-------
Melee: Unarmed           |    23 |   133 |   278 |   450 |  1408 |   147 ||  2439
       Dagger            |     9 |       |       |       |       |       ||     9
       Bite              |     4 |    24 |   101 |   159 |   619 |    68 ||   975
       Punch             |       |     1 |       |       |     2 |       ||     3
 Fire: Blowgun           |    77 |    64 |    36 |    49 |       |       ||   226
Throw: Javelin           |       |     4 |     4 |    21 |       |       ||    29
 Cast: Repel Missiles    |       |       |       |     1 |       |       ||     1
Invok: Heroism           |       |       |       |    22 |    44 |     2 ||    68
       Finesse           |       |       |       |       |     3 |       ||     3
Evoke: Wand              |       |       |       |     5 |     7 |       ||    12
       Sack of spiders   |       |       |       |       |     9 |       ||     9
  Use: Scroll            |       |     4 |     9 |    10 |    12 |     1 ||    36
       Potion            |       |     2 |     2 |     1 |     1 |       ||     6
 Stab: Sleeping          |       |     1 |     3 |    25 |     8 |       ||    37
       Distracted        |       |       |     1 |       |     5 |       ||     6
       Paralysed         |       |       |       |       |     2 |       ||     2
  Eat: Chunk             |       |     3 |     6 |     9 |    17 |       ||    35
       Pizza             |       |       |     1 |       |     1 |       ||     2
       Royal jelly       |       |       |     1 |       |       |       ||     1
       Beef jerky        |       |       |       |       |     3 |       ||     3
Armor: Robe              |    28 |       |       |       |       |       ||    28
       Leather armour    |     5 |    21 |       |       |       |       ||    26
       Ring mail         |       |    42 |    82 |    43 |   205 |    76 ||   448
       Skin              |       |     9 |       |     1 |       |       ||    10
       Troll leather arm |       |       |       |    73 |    22 |       ||    95
Dodge: Dodged            |    60 |   119 |    84 |   209 |   747 |   203 ||  1422
       Deflected         |       |       |       |     1 |       |       ||     1
Block: Buckler           |       |    27 |    39 |   114 |   316 |    74 ||   570
